Selects Italian Combined Arms Battlegroup
Selects Bersaglieri Squad
Construct Light Support Kompanie
Construct Mechanized Kompanie
Selects Bersaglieri Bolster
Selects Breda Model 30 Light Machine Guns
Construct Panzerarmee Kommand
Selects Semovente da 75/18 Assault Gun
Walking Stuka Rocket Launcher
254 Reconnaissance Tractor
Flak 36 Anti-tank Gun Team
Walking Stuka Rocket Launcher
Walking Stuka Rocket Launcher